 Dungeon Crawl Stone Soup version 0.23.2 (webtiles) character file.

Game seed: 12488799475056207586

13317 Borgoz the Slicer (level 12, -1/75 HPs)
             Began as a Gargoyle Gladiator on Apr 11, 2019.
             Was a Believer of Ashenzari.
             Slain by a minotaur (13 damage)
             ... in a Gauntlet.
             The game lasted 00:25:15 (13415 turns).

Borgoz the Slicer (Gargoyle Gladiator)             Turns: 13415, Time: 00:25:16

Health: -1/75      AC: 31    Str: 23    XL:     12   Next: 4%
Magic:  12/13      EV: 18    Int:  9    God:    Ashenzari [**....]
Gold:   361        SH:  5    Dex: 15    Spells: 12/13 levels left

rFire    . . .     SeeInvis +   v - +3 quick blade "Hydrabane" {protect, rN+++ Str+4 SInv Stlth-} (curse)
rCold    + . .     Gourm    .   (no shield)
rNeg     + + +     Faith    .   D - +1 acid dragon scales
rPois    ∞         Spirit   .   c - +0 helmet
rElec    +         Reflect  +   w - scarf {cloud immunity}
rCorr    +         Harm     .   m - +0 pair of gloves
MR       .....     NoTele   +   s - +2 pair of boots
Stlth    +.........             J - +5 amulet of reflection
HPRegen  0.22/turn              o - ring of positive energy
MPRegen  0.13/turn              d - ring of protection from cold

@: protection aura, very slightly contaminated, invisible
A: negative energy resistance 1, electricity resistance, unbreathing,
petrification resistance, rot immunity, AC +8
a: Curse Item, Scrying, Renounce Religion


You were in a Gauntlet.
You worshipped Ashenzari.
Ashenzari was pleased with you.
You were not hungry.

You visited 2 branches of the dungeon, and saw 13 of its levels.
You also visited: Gauntlet.

You collected 723 gold pieces.
You spent 362 gold pieces at shops.

Inventory:

Hand Weapons
 a - a +0 rapier
 n - a +0 rapier
 v - the cursed +3 quick blade "Hydrabane" (weapon) {protect, rN+++ Str+4 SInv Stlth-}
   (You acquired it on level 12 of the Dungeon)

   It protects the one who uses it against injury (+AC on strike).
   It affects your strength (+4).
   It renders you almost immune to negative energy.
   It lets you see invisible.
   It makes you less stealthy.
   It has a curse placed upon it.
 I - a +2 rapier of venom
Armour
 c - a +0 helmet (worn)
 l - the +1 hat of the Farrier {*Slow rElec Str+3 SInv}
   (You found it in a Gauntlet)

   It affects your strength (+3).
   It insulates you from electricity.
   It lets you see invisible.
   It may slow you when you take damage.
 m - a +0 pair of gloves (worn)
 p - a +1 leather armour of fire resistance
 s - a +2 pair of boots (worn)
 w - a scarf of cloud immunity (worn)
 D - +1 acid dragon scales (worn)
Jewellery
 d - a ring of protection from cold (right hand)
 e - an uncursed ring of wizardry
 o - a ring of positive energy (left hand)
 J - a +5 amulet of reflection (around neck)
Wands
 t - a wand of flame (82)
 y - a wand of iceblast (1)
 B - a wand of random effects (14)
Scrolls
 g - 7 scrolls of fog
 h - a scroll of fear {unknown}
 k - 4 scrolls of magic mapping
 q - 7 scrolls of remove curse
 r - 2 scrolls of teleportation
Potions
 b - 2 potions of curing
 j - 5 potions of flight
 x - a potion of lignification
 A - 2 potions of agility
 E - 2 potions of ambrosia
 G - 2 potions of mutation
 L - 3 potions of brilliance
Comestibles
 f - 26 rations
 i - 2 chunks of flesh


   Skills:
 + Level 8.7 Fighting
 + Level 10.3(12.4) Short Blades
 - Level 1.7 Throwing
 + Level 8.4 Armour
 * Level 9.6 Dodging
 + Level 1.5 Stealth
 + Level 1.1 Spellcasting
 + Level 1.0 Hexes
 + Level 1.0 Evocations


You had 12 spell levels left.
You knew the following spells:

 Your Spells              Type           Power        Failure   Level  Hunger
a - Confusing Touch       Hex            #.....       28%         1    ##.....

Your spell library contained the following spells:

 Spells                   Type           Power        Failure   Level  Hunger
 Magic Dart               Conj           #...         41%         1    ##.....
 Summon Small Mammal      Summ           #...         41%         1    ##.....
 Call Imp                 Summ           #.......     54%         2    ###....
 Searing Ray              Conj           #.....       54%         2    ###....
 Confuse                  Hex            #.......     63%         3    ####...
 Dazzling Spray           Conj/Hex       #.....       71%         3    ####...
 Summon Guardian Golem    Hex/Summ       #.......     71%         3    ####...
 Call Canine Familiar     Summ           #.......     78%         3    ####...
 Gell's Gravitas          Tloc           #.........   78%         3    ####...
 Fulminant Prism          Conj/Hex       #.........   98%         4    #####..
 Force Lance              Conj/Tloc      #.......     99%         4    #####..
 Iskenderun's Mystic Bla  Conj           #.......     99%         4    #####..
 Petrify                  Tmut/Erth      #.......     99%         4    #####..
 Summon Ice Beast         Ice/Summ       #.......     99%         4    #####..
 Summon Lightning Spire   Summ/Air       #.......     99%         4    #####..
 Metabolic Englaciation   Hex/Ice        #.........   100%        5    ######.
 Yara's Violent Unravell  Hex/Tmut       #.........   100%        5    ######.


Dungeon Overview and Level Annotations

Branches:
Dungeon (12/15)            Temple (1/1) D:6            Lair (0/6) D:10
    Orc: D:9-12

Altars:
Ashenzari
Cheibriados
Dithmenos
Elyvilon
Fedhas
Gozag
Hepliaklqana
Kikubaaqudgha
Makhleb
Nemelex Xobeh
Okawaru
Qazlal
Ru
Sif Muna
Trog
Uskayaw
Vehumet
Wu Jian
Xom
Yredelemnul
Zin
The Shining One

Shops:
D:4 [   D:9 !   D:11 (::   D:12 !?

Annotations:
Gauntlet 6 transporters


Innate Abilities, Weirdness & Mutations

You are resistant to torment.
Your stone body is resilient. (AC +8)
You are immune to poison.
You resist negative energy. (rN+)
You are resistant to electric shocks. (rElec)
You can survive without breathing.
You are immune to petrification.
You are immune to rotting.


Message History

You hit the minotaur but do no damage.
The minotaur is severely wounded.
You closely miss the minotaur.
The minotaur furiously retaliates!
The minotaur headbutts you, but does no damage.
The minotaur is severely wounded.
The minotaur closely misses you. The minotaur gores you!
You hit the minotaur but do no damage.
The minotaur is severely wounded.
Unknown command.
Okay, then.
You fade into invisibility!
The minotaur completely misses you.
The minotaur gores you but does no damage.
You feel much better. The minotaur hits you!! The minotaur gores you!
* * * LOW HITPOINT WARNING * * *
Unknown command.
You feel much better. The minotaur hits you!!
* * * LOW HITPOINT WARNING * * *
The minotaur gores you!
You die...

.©#..#...######
#$#..#.8.##....#
#w#..#...##.##.#
.w#..#.8....##.#
.##..#...##.##.#######
###§§#...##....#.#≈≈≈#
...§≈#.©.##.##.#.#.≈≈#
...§§#......##.(...∩≈#
....≈#.©.##.##(#@#.≈≈#
###..#...##....#H#≈≈≈#
..#..#...##.##.#######
..#..#.8....##.#
.##..#...##.##.#
#)#..#.8.##....#
.©#..#...#######
..#..#≈8≈# ..#..#####


You could see a minotaur.

Vanquished Creatures
  2 two-headed ogres
  2 unseen horrors
  2 ugly things (D:11)
  3 centaur zombies
  An apocalypse crab (Gauntlet)
  A gargoyle (D:11)
  A komodo dragon (D:11)
  4 hornets
  A tyrant leech (Gauntlet)
  4 hippogriffs
  2 vampires
  6 yaks
  2 hungry ghosts
  Eustachio (D:4)
  2 swamp worms (Gauntlet)
  2 acid dragons
  Duvessa (D:7)
  A water moccasin (D:10)
  4 ice beasts
  An orc warrior (D:11)
  A sky beast (D:10)
  6 ogres
  3 phantoms
  2 centaurs
  3 big kobolds
  10 bullfrogs
  A wyvern zombie (D:6)
  3 wyvern skeletons
  A scorpion (D:10)
  Dowan (D:7)
  5 howler monkeys
  A bullfrog zombie (D:9)
  8 crimson imps
  A quasit (D:8)
  4 jellies
  Crazy Yiuf (D:6)
  2 centaur skeletons
  5 orc priests
  10 hounds
  6 orc wizards
  Natasha (thrice) (D:3)
  An iguana (D:6)
  9 worker ants
  3 worker ant zombies
  3 gnolls
  14 adders
  3 shadow imps
  7 oozes
  5 worms
  2 dart slugs
  10 leopard geckos
  29 orcs
  7 giant cockroaches
  5 goblins
  5 hobgoblins
  10 jackals
  7 quokkas
  3 ball pythons
  7 bats
  3 frilled lizards (D:1)
  A jackal zombie (D:5)
  21 kobolds
  A quokka skeleton (D:9)
  6 rats
282 creatures vanquished.

Vanquished Creatures (others)
  3 fungi (Gauntlet)
  5 plants (Gauntlet)
8 creatures vanquished.

Grand Total: 290 creatures vanquished

Notes
Turn   | Place    | Note
-------+----------+-------------------------------------------
     0 | D:1      | Borgoz the Gargoyle Gladiator began the quest for the Orb.
     0 | D:1      | Reached XP level 1. HP: 12/12 MP: 1/1
    95 | D:1      | Reached XP level 2. HP: 16/17 MP: 2/2
   407 | D:1      | Reached skill level 3 in Short Blades
   607 | D:1      | Reached skill level 1 in Armour
   734 | D:2      | Reached XP level 3. HP: 20/22 MP: 3/3
  1084 | D:2      | Reached XP level 4. HP: 27/27 MP: 4/4
  1564 | D:3      | Found a snail-covered altar of Cheibriados.
  1604 | D:3      | Noticed Natasha
  1617 | D:3      | Killed Natasha
  1631 | D:3      | Noticed Natasha
  1632 | D:3      | HP: 1/27 [Natasha/magic dart (4)]
  1932 | D:3      | Killed Natasha
  1932 | D:3      | Reached XP level 5. HP: 27/32 MP: 5/5
  1957 | D:3      | Noticed Natasha
  1964 | D:3      | Killed Natasha
  2098 | D:3      | Found a hazy altar of Hepliaklqana.
  2098 | D:3      | Found a shattered altar of Ashenzari.
  2103 | D:3      | Found a sparkling altar of Nemelex Xobeh.
  2123 | D:3      | Became a worshipper of Ashenzari the Shackled
  2126 | D:3      | Found a basalt altar of Yredelemnul.
  2128 | D:3      | Found a burning altar of Makhleb.
  2305 | D:3      | Found a deep blue altar of Sif Muna.
  2515 | D:3      | Reached skill level 4 in Short Blades
  2515 | D:3      | Reached XP level 6. HP: 35/37 MP: 6/6
  2793 | D:4      | Found a hide-covered altar of Uskayaw.
  3422 | D:4      | Noticed Eustachio
  3494 | D:4      | Killed Eustachio
  3494 | D:4      | Reached XP level 7. HP: 16/42 MP: 7/7
  3686 | D:4      | Found Latiatell's Antique Armour Emporium.
  3714 | D:5      | Entered Level 5 of the Dungeon
  3827 | D:5      | Reached skill level 5 in Short Blades
  4162 | D:5      | Reached XP level 8. HP: 22/48 MP: 8/8
  4388 | D:5      | Reached skill level 5 in Dodging
  4427 | D:5      | Found a shimmering altar of Xom.
  4427 | D:5      | Found an opulent altar of Gozag.
  4926 | D:6      | Found a staircase to the Ecumenical Temple.
  4973 | Temple   | Entered the Ecumenical Temple
  5243 | D:6      | Reached skill level 6 in Short Blades
  5444 | D:6      | Reached skill level 5 in Fighting
  5639 | D:6      | Found a runed translucent door.
  5640 | D:6      | Noticed Crazy Yiuf
  5783 | D:6      | Killed Crazy Yiuf
  5845 | D:7      | Noticed a hippogriff
  5868 | D:7      | Killed a hippogriff
  5868 | D:7      | Reached XP level 9. HP: 42/54 MP: 9/9
  6029 | D:7      | Reached skill level 5 in Armour
  6213 | D:7      | Reached skill level 7 in Short Blades
  6437 | D:7      | Reached * piety under Ashenzari
  6477 | D:7      | Noticed Dowan
  6477 | D:7      | Noticed Duvessa
  6491 | D:7      | Killed Dowan
  6540 | D:7      | Killed Duvessa
  6825 | D:7      | Found a white marble altar of Elyvilon.
  7387 | D:8      | Paralysed by a crimson imp for 7 turns
  8021 | D:8      | Reached XP level 10. HP: 52/61 MP: 10/10
  8338 | D:9      | Reached skill level 8 in Short Blades
  8614 | D:9      | Found Sesooruu's Distillery.
  8617 | D:9      | Bought 2 potions of heal wounds for 170 gold pieces
  9140 | D:9      | Reached ** piety under Ashenzari
  9303 | D:9      | Found a glowing golden altar of the Shining One.
  9466 | D:10     | Entered Level 10 of the Dungeon
  9467 | D:10     | Found an iron altar of Okawaru.
  9506 | D:10     | Killed an unseen horror
  9897 | D:10     | Found a staircase to the Lair.
  9918 | D:10     | Noticed a two-headed ogre
  9929 | D:10     | Killed a two-headed ogre
  9929 | D:10     | Reached skill level 9 in Short Blades
  9958 | D:10     | Reached XP level 11. HP: 53/67 MP: 11/11
 10654 | D:11     | Killed an unseen horror
 10702 | D:11     | Noticed a white ugly thing
 10702 | D:11     | Noticed a green ugly thing
 10734 | D:11     | Killed a cyan ugly thing
 10739 | D:11     | Killed a cyan ugly thing
 11215 | D:11     | Reached skill level 10 in Short Blades
 11245 | D:11     | Found Vidig's Book Emporium.
 11260 | D:11     | Learned a level 1 spell: Confusing Touch
 11560 | D:11     | Found Zezoc's Book Emporium.
 11772 | D:11     | Found Wyimiwn's Weapon Shoppe.
 11878 | D:11     | Noticed a two-headed ogre
 11897 | D:11     | Killed a two-headed ogre
 12335 | D:12     | Found Viuxtina's Magic Scroll Boutique.
 12350 | D:12     | Identified a scroll of acquirement
 12351 | D:12     | Got the cursed quick blade "Hydrabane" {protect, rN+++
                  | Str+4 SInv Stlth-}
 12352 | D:12     | Identified the cursed +3 quick blade "Hydrabane" {protect,
                  | rN+++ Str+4 SInv Stlth-} (You acquired it on level 12 of
                  | the Dungeon)
 12627 | D:12     | Found Jowaelas's Distillery.
 12644 | D:12     | Bought a potion of heal wounds for 60 gold pieces
 12644 | D:12     | Bought a potion of ambrosia for 96 gold pieces
 12644 | D:12     | Bought a potion of flight for 36 gold pieces
 12668 | D:12     | Found a gate leading to a gauntlet.
 12673 | Gauntlet | Entered a Gauntlet
 12673 | Gauntlet | Found a transporter.
 12673 | Gauntlet | Found a transporter.
 12673 | Gauntlet | Found a transporter.
 12676 | Gauntlet | Found a transporter.
 12677 | Gauntlet | Found a transporter.
 12686 | Gauntlet | Noticed a moth of wrath
 12687 | Gauntlet | Found a transporter.
 12691 | Gauntlet | Found a transporter.
 12701 | Gauntlet | Found a transporter.
 12707 | Gauntlet | Found a transporter.
 12728 | Gauntlet | Found a transporter.
 12731 | Gauntlet | Found a transporter.
 12742 | Gauntlet | Found a transporter.
 12804 | Gauntlet | Noticed a wolf spider
 13175 | Gauntlet | Reached skill level 1 in Stealth
 13175 | Gauntlet | Reached XP level 12. HP: 75/75 MP: 11/13
 13204 | Gauntlet | Reached skill level 1 in Spellcasting
 13221 | Gauntlet | Reached skill level 1 in Hexes
 13242 | Gauntlet | Reached skill level 1 in Evocations
 13268 | Gauntlet | Got the uncursed hat of the Farrier {*Slow rElec Str+3
                  | SInv}
 13385 | Gauntlet | Identified the amulet "Plog" {Faith +Inv rPois}
 13385 | Gauntlet | Noticed a minotaur
 13415 | Gauntlet | Slain by a minotaur

Skill      XL: |  1  2  3  4  5  6  7  8  9 10 11 12 |
---------------+-------------------------------------+-----
Short Blades   | 3 4 5 6 7 9 10 | 10.3
Armour         | 1 2 3 4 6 7 8 |  8.4
Dodging        | 3 4 5 7 8 9 |  9.6
Fighting       | 3 4 5 6 7 8 |  8.7
Stealth        | 1 |  1.5
Spellcasting   | 1 |  1.1
Hexes          | 1 |  1.0
Evocations     | 1 |  1.0
Throwing       | |  1.7

Action                   |  1- 3 |  4- 6 |  7- 9 | 10-12 || total
-------------------------+-------+-------+-------+-------++-------
Melee: Rapier            |   104 |   304 |   653 |   641 ||  1702
       Quick blade       |       |       |       |   216 ||   216
Throw: Throwing net      |       |     9 |     1 |       ||    10
 Cast: Confusing Touch   |       |       |       |     6 ||     6
Evoke: Wand              |       |       |       |     2 ||     2
  Use: Potion            |       |     8 |     3 |     9 ||    20
       Scroll            |       |       |       |    14 ||    14
 Stab: Held in net/web   |       |       |     1 |       ||     1
       Invisible         |       |       |       |     7 ||     7
       Confused          |       |       |       |     8 ||     8
  Eat: Chunk             |       |     9 |    15 |    15 ||    39
       Ration            |       |       |       |     2 ||     2
Armor: Leather armour    |    34 |       |       |       ||    34
       Ring mail         |    13 |   250 |   308 |   304 ||   875
       Acid dragon scale |       |       |       |    13 ||    13
Dodge: Dodged            |    62 |   348 |   455 |   514 ||  1379
Block: Other             |       |       |       |     2 ||     2
